 Dungeon Crawl Stone Soup version 0.31.0-11-ge490571c62 (webtiles) character file.

Game seed: 247436564076528289

651 Drazool the Ruffian (level 7, 0/96 HPs)
             Began as a Naga Shapeshifter on Jan 30, 2024.
             Was a Believer of Trog.
             Slain by an orc warrior
             ... wielding a +0 trident
              (13 damage)
             ... on level 6 of the Dungeon.
             The game lasted 00:11:59 (4353 turns).

Drazool the Ruffian (Naga Shapeshifter)             Turns: 4353, Time: 00:11:59

Health: 0/96       AC:  3    Str: 16    XL:     7   Next: 53%
Magic:  7/7        EV: 10    Int: 10    God:    Trog [**....]
Gold:   43         SH:  0    Dex: 13    Spells: 6/6 levels left

rFire   . .          .
                       - Unarmed
rCold   . . .        (no shield)
rNeg    + . .        a - +0 animal skin
rPois   +            (helmet currently unavailable)
rElec   .            (cloak currently unavailable)
rCorr   .            (gloves currently unavailable)
SInv    +            (no barding)
Will    .....        B - amulet of the acrobat Stlth
                     N - ring of positive energy
HPRegen 0.36/turn    L - ring of flight
MPRegen 0.10/turn

%: acrobat
@: berserking, beast-form, flying, quick
A: beast (slay +2), AC +2, large, see invisible, deformed body, poison
resistance, slowness 2, spit poison 1, naga tail 1
a: Spit Poison, Begin Untransformation, Renounce Religion, Berserk, Trog's Hand


You were on level 6 of the Dungeon.
You worshipped Trog.
Trog was pleased with you.
You were a hulking beast.
You visited 1 branch of the dungeon, and saw 6 of its levels.

You collected 223 gold pieces.
You spent 180 gold pieces at shops.


Innate Abilities, Weirdness & Mutations

You are a hulking beast.
Your limbs bulge with bestial killing power. (Slay +2)
Your serpentine skin is tough. (AC +2)
You have supernaturally acute eyesight. (SInv)
Armour fits poorly on your strangely shaped body.
Your system is resistant to poisons. (rPois)
You cover ground very slowly.
You can spit poison.
You have a snake-like lower body.


   Skills:
 - Level 4.0 Fighting
 - Level 3.4 Dodging
 - Level 5.0 Unarmed Combat
 + Level 4.7 Shapeshifting


You had 6 spell levels left.
You didn't know any spells.
Your spell library contained the following spells:

 Spells                   Type           Power      Damage    Failure   Level
 Call Imp                 Summ           0%         N/A       50%         2
 Mercury Vapours          Alch/Air       0%         N/A       50%         2
 Sublimation of Blood     Necr           0%         N/A       50%         2
 Mephitic Cloud           Conj/Alch/Air  0%         N/A       75%         3
 Freezing Cloud           Conj/Ice/Air   0%         6-21      100%        5
 Summon Hydra             Summ           0%         N/A       100%        7

Inventory:

Armour
 a - a +0 animal skin (worn)
 h - a +0 pair of gloves
 k - a scarf of harm
 y - a +0 cloak
Jewellery
 f - a ring of protection from fire
 n - an amulet of magic regeneration
 B - an amulet of the acrobat (around neck)
 I - a +6 ring of intelligence
 L - a ring of flight (right hand)
 N - a ring of positive energy (left hand)
Talismans
 c - a beast talisman
 d - a flux talisman
 s - a blade talisman
Wands
 v - a wand of quicksilver (5)
 C - a wand of mindburst (15)
 E - a wand of polymorph (9)
Scrolls
 e - 2 scrolls of enchant weapon {unknown}
 g - 2 scrolls of blinking
 l - a scroll of summoning {unknown}
 p - 3 scrolls of immolation
 q - a scroll of brand weapon {unknown}
 u - a scroll of revelation {unknown}
 w - a scroll of vulnerability {unknown}
 x - 2 scrolls of enchant armour
 z - a scroll of amnesia {unknown}
 D - a scroll of noise {unknown}
 F - 3 scrolls of teleportation {@r2}
Potions
 b - a potion of lignification
 i - a potion of haste {unknown}
 j - 4 potions of curing {@q1}
 m - a potion of resistance {unknown}
 r - a potion of brilliance {unknown}
 t - a potion of berserk rage {unknown}
 A - 2 potions of mutation {unknown}

Dungeon Overview and Level Annotations

Branches:
Dungeon (6/15)
 Temple: D:4-7

Altars:
Fedhas
Kikubaaqudgha
Trog
Zin
The Shining One

Shops:
D:4 (

Annotations:
D:3 1 runed translucent door, ces's ghost, amateur SpHu
D:4 3 runed translucent doors, Consumeair16's ghost, amateur HuFi

###
#####.#
#<....#
#####.#
#.# #.#
#.#
#####.#
#.hh..#
#o#####
#.# ...
..▒..
... ...
...▒
▒.##
..▒▒ ..
.▒▒▒.
▒..


You could see an orc warrior and a hound.


Message History

The hound completely misses you. The hound completely misses you.
The orc warrior misses you. The hound bites you.
* * * LOW HITPOINT WARNING * * *
Use which ability? (? or * to list)
A red film seems to cover your vision as you go berserk!
You feel yourself moving faster!
You feel mighty! The hound barely misses you.
The orc warrior completely misses you.
Unknown command.
You barely miss the hound.
The hound is heavily wounded.
The hound bites you but does no damage.
The orc warrior hits you from afar with a +0 trident!
* * * LOW HITPOINT WARNING * * *
You barely miss the hound. Your punch misses the hound.
The hound is heavily wounded.
The hound bites you.
* * * LOW HITPOINT WARNING * * *
You closely miss the hound.
The hound is heavily wounded.
The hound bites you.
* * * LOW HITPOINT WARNING * * *
The orc warrior hits you from afar with a +0 trident.
* * * LOW HITPOINT WARNING * * *
You closely miss the hound.
The hound is heavily wounded.
The hound bites you.
* * * LOW HITPOINT WARNING * * *
The orc warrior hits you from afar with a +0 trident!
You die...

Skill      XL: |  1  2  3  4  5  6  7 |
---------------+----------------------+-----
Unarmed Combat | 4 5 |  5.0
Fighting       | 2 4 |  4.0
Dodging        | 2 3 |  3.4
Shapeshifting  | 4 |  4.7

Action                     |  1- 3 |  4- 6 |  7- 9 || total
---------------------------+-------+-------+-------++-------
  Melee: Unarmed           |    78 |   126 |    35 ||   239
         Punch             |     2 |     2 |     2 ||     6
 Invoke: Berserk           |     1 |     2 |     2 ||     5
Ability: Spit Poison       |    14 |    13 |     1 ||    28
    Use: Scroll            |       |     6 |       ||     6
   Stab: Sleeping          |       |     1 |       ||     1
 Armour: Animal skin       |    44 |    82 |    25 ||   151
  Dodge: Dodged            |    41 |    78 |    23 ||   142

Levels and vault maps discovered:
D:1:      elethiomel_arrival_infinity_welcomes_careful_drivers, layout_basic,
          ebering_ecumenical_altar_petrified
D:2:      layout_basic, minmay_misc_feat_cross, kennysheep_donut
D:3:      layout_basic, lemuel_zombie_altar_kikubaaqudgha,
          hellmonk_ghost_happy_afterlife, guppyfry_early_lair_pool
D:4:      minmay_evil_eye, layout_cave_pools, fedhas_altar_fruit_tree,
          nicolae_tso_besieged_by_evil, serial_shops, shop,
          ebering_ghost_rock_garden, kennysheep_generic_room_7
D:5:      layout_basic, zin_purify, serial_park_tiny_2
D:6:      layout_basic, minmay_temple_entry_slanted, kennysheep_generic_room_11

Notes
Turn   | Place    | Note
-------+----------+-------------------------------------------
     0 | D:1      | Drazool the Naga Shapeshifter began the quest for the Orb.
     0 | D:1      | Reached XP level 1. HP: 18/18 MP: 1/1
   377 | D:1      | Reached XP level 2. HP: 19/25 MP: 2/2
   680 | D:1      | Found a faded altar of an unknown god.
   688 | D:1      | Prayed at the altar of an unknown god.
   688 | D:1      | Became a worshipper of Trog the Wrathful
   688 | D:1      | Reached * piety under Trog
  1096 | D:2      | Reached skill level 4 in Unarmed Combat
  1154 | D:2      | Reached XP level 3. HP: 31/31 MP: 3/3
  1675 | D:3      | Found an ancient bone altar of Kikubaaqudgha.
  1840 | D:3      | Found a runed translucent door.
  1873 | D:3      | Noticed ces's ghost (amateur SpHu)
  1880 | D:3      | Reached XP level 4. HP: 35/38 MP: 4/4
  1998 | D:3      | Reached skill level 5 in Unarmed Combat
  2002 | D:3      | Reached skill level 2 in Fighting
  2013 | D:3      | Reached ** piety under Trog
  2014 | D:3      | Reached XP level 5. HP: 24/48 MP: 5/5
  2237 | D:3      | Reached skill level 3 in Fighting
  2452 | D:4      | Noticed a black bear
  2457 | D:4      | Killed a black bear
  2458 | D:4      | Reached skill level 4 in Fighting
  2458 | D:4      | Reached skill level 2 in Dodging
  2458 | D:4      | Reached XP level 6. HP: 57/57 MP: 6/6
  2510 | D:4      | Found a glowing golden altar of the Shining One.
  2695 | D:4      | Found Epuavas's Antique Weapon Boutique.
  2743 | D:4      | Found a runed translucent gate.
  2743 | D:4      | Found a runed translucent gate.
  2743 | D:4      | Found a runed translucent gate.
  2900 | D:4      | Found a blossoming altar of Fedhas.
  3075 | D:4      | Reached skill level 3 in Dodging
  3295 | D:4      | Noticed Consumeair16's ghost (amateur HuFi)
  3325 | D:5      | Entered Level 5 of the Dungeon
  3752 | D:5      | Found Zin's Purification Station.
  3752 | D:5      | Found a glowing silver altar of Zin.
  3758 | D:5      | Bought 2 potions of curing for 180 gold pieces
  3816 | D:5      | Reached XP level 7. HP: 59/64 MP: 7/7
  3950 | D:5      | Reached skill level 4 in Shapeshifting
  4353 | D:6      | Slain by an orc warrior

Vanquished Creatures
  A black bear (D:4)
  A phantom (D:6)
  2 scorpions (D:5)
  A hound (D:6)
  2 jellies
  An iguana (D:5)
  A sleepcap (D:5)
  3 orc wizards (D:3)
  4 adders
  A white imp (D:4)
  2 ufetubi (D:4)
  A dart slug (D:3)
  3 ribbon worms
  4 orcs
  3 bats
  2 bat zombies (D:3)
  4 endoplasms
  A giant cockroach (D:4)
  10 goblins
  6 hobgoblins
  4 quokkas
  10 ball pythons
  3 frilled lizards
  A frilled lizard zombie (D:3)
  A goblin skeleton (D:4)
  3 hobgoblin zombies (D:4)
  8 kobolds
  A kobold skeleton (D:4)
  A kobold zombie (D:4)
  2 orc skeletons (D:4)
  An orc zombie (D:4)
  8 rats
96 creatures vanquished.

Table legend: (Time is in decaauts)
 A = Elapsed time spent in this place.
 B = Non-inter-level travel time spent in this place.
 C = Inter-level travel time spent in this place.
 D = Time resting spent in this place.
 E = Time spent auto-exploring this place.
 F = Levels seen in this place.
 G = Mean time per level.
                   A        B        C        D        E       F      G
               +--------+--------+--------+--------+--------+-----+--------+
         Total |   5671 |   5455 |    216 |    253 |   4404 |   6 |  945.2 |
       Dungeon |   5671 |   5455 |    216 |    253 |   4404 |   6 |  945.2 |
               +--------+--------+--------+--------+--------+-----+--------+

Top non-repeatable levels by time:
     D:5: 1326 daAuts
     D:1: 1116 daAuts
     D:4: 1090 daAuts
     D:3: 1074 daAuts
     D:2: 1019 daAuts
     D:6: 45 daAuts

Table legend:
 A = Non-vault XP
 B = Vault XP
 C = Vault XP percentage of total XP
 D = Non-vault monster count
 E = Vault monster count
 F = Vault count percentage of total count
                 A         B        C        D         E       F
            +---------+---------+-------+---------+---------+-------
      Total |     882 |      48 |   5.2 |      78 |      18 |  18.8
            +---------+---------+-------+---------+---------+-------
        D:1 |      17 |       0 |   0.0 |      12 |       0 |   0.0
        D:2 |      43 |       0 |   0.0 |      19 |       0 |   0.0
        D:3 |     146 |       5 |   3.3 |      20 |       3 |  13.0
        D:4 |     232 |      43 |  15.6 |      19 |      15 |  44.1
        D:5 |     297 |       0 |   0.0 |       6 |       0 |   0.0
        D:6 |     147 |       0 |   0.0 |       2 |       0 |   0.0
            +---------+---------+-------+---------+---------+-------
